 Dungeon Crawl Stone Soup version 0.24-a0-509-ga1643a6 (webtiles) character file.

Game seed: 9288313421281908017

310 wirefist the Firebug (level 6, -3/35 HPs)
             Began as a Deep Elf Fire Elementalist on July 20, 2019.
             Was a Follower of Vehumet.
             Killed from afar by Dowan (11 damage)
             ... with a puff of flame
             ... on level 4 of the Dungeon.
             The game lasted 00:14:15 (4506 turns).

wirefist the Firebug (Deep Elf Fire Elementalist)   Turns: 4506, Time: 00:14:15

Health: -3/35      AC:  4    Str:  5    XL:     6   Next: 17%
Magic:  12/15      EV: 14    Int: 22    God:    Vehumet [*.....]
Gold:   193        SH:  0    Dex: 15    Spells: 4/14 levels left

rFire    . . .     SeeInvis .   l - +1 dagger (elec)
rCold    . . .     Gourm    .   (no shield)
rNeg     . . .     Faith    .   a - +0 robe
rPois    .         Spirit   .   r - +1 helmet
rElec    .         Reflect  .   (no cloak)
rCorr    .         Harm     .   (no gloves)
MR       .....                  (no boots)
Stlth    ++........             (no amulet)
HPRegen  0.11/turn              (no ring)
MPRegen  0.14/turn              (no ring)

@: very slightly contaminated
A: no striking features
a: Renounce Religion


You were on level 4 of the Dungeon.
You worshipped Vehumet.
Vehumet was aware of your devotion.
You were not hungry.

You visited 1 branch of the dungeon, and saw 4 of its levels.

You collected 193 gold pieces.

Inventory:

Hand Weapons
 i - a +0 dagger
 l - a +1 dagger of electrocution (weapon)
 q - a +0 dagger
Armour
 a - a +0 robe (worn)
 r - a +1 helmet (worn)
Jewellery
 f - an uncursed ring of fire {unknown}
 g - a +2 ring of slaying {unknown}
Scrolls
 b - 3 scrolls of remove curse {unknown}
 e - 4 scrolls of teleportation {unknown}
 k - 2 scrolls of identify {unknown}
 n - a scroll of enchant armour {unknown}
 o - a scroll of enchant weapon {unknown}
Potions
 d - a potion of curing {unknown}
 h - 5 potions of heal wounds {unknown}
 j - a potion of brilliance {unknown}
 m - a potion of invisibility {unknown}
 s - a potion of lignification {unknown}
Comestibles
 c - 7 rations
 p - 7 chunks of flesh


   Skills:
 + Level 1.6 Fighting
 + Level 3.8 Dodging
 - Level 2.6 Stealth
 + Level 4.7 Spellcasting
 + Level 2.9 Conjurations
 + Level 4.9 Fire Magic


You had 4 spell levels left.
You knew the following spells:

 Your Spells              Type           Power        Failure   Level  Hunger
a - Flame Tongue          Conj/Fire      ###..        1%          1    None
b - Sticky Flame          Conj/Fire      ###.....     21%         4    ####...
c - Fireball              Conj/Fire      ###.......   50%         5    #####..

Your spell library contained the following spells:

 Spells                   Type           Power        Failure   Level  Hunger
 Freeze                   Ice            #...         11%         1    None
 Throw Flame              Conj/Fire      ###...       3%          2    None
 Conjure Flame            Conj/Fire      ###.....     6%          3    ##.....
 Inner Flame              Hex/Fire       ###.....     12%         3    ##.....


Dungeon Overview and Level Annotations

Branches:
Dungeon (4/15)
 Temple: D:4-7

Altars:
Hepliaklqana
Uskayaw
Vehumet

Annotations:
D:4 Dowan, Duvessa


Message History

Press: ? - help, Shift-Dir - straight line, f/p - adder
Aim: an adder The flame tongue hits the adder!
You kill the adder!
Vehumet accepts your kill.
Dowan says, "My weaknesses are her strengths!"
Duvessa gestures with her weapon.
The orc throws a boomerang.
The boomerang closely misses you.
The weapon returns to the orc!
Dowan says, "Stay away from my face!"
The orc throws a boomerang.
The boomerang completely misses you.
The weapon returns to the orc!
The orc throws a boomerang.
The boomerang closely misses you.
The weapon returns to the orc!
The orc throws a boomerang.
The boomerang hits you but does no damage.
The weapon returns to the orc!
Dowan casts a spell at you. The puff of flame hits you!
You die...

#># #.##.#.##....)..#[......#
###)#####....###........)<)..##.#
#..)...##....# ##.#....##.#####.#
#......##....# #.#.##.##.#####.#
#......##<...# #.#.##.##.....#.#
#......##....# #.........###.#.#
....(........####.#....##.# #...#
.............##<#...##.#### #####
.........######.@O..##...#
.........######...#.##.#.####
.............###.....e.#....#
.............# #....##.#.####
.............# ####.##.#.###
.............# ####e.e.#...####
.......o.....# #.)..o.........#
.............# #..............#
.##.#####o...# #..............#


You could see an ogre, Dowan and an orc.

Vanquished Creatures
  2 orc priests
  An orc wizard (D:3)
  Jessica (D:2)
  An iguana (D:4)
  Robin (D:4)
  6 adders
  An ooze (D:2)
  2 adder skeletons (D:4)
  A worm (D:3)
  2 dart slugs (D:1)
  2 leopard geckos (D:3)
  15 orcs
  5 giant cockroaches
  5 hobgoblins
  4 jackals (D:1)
  A quokka (D:2)
  A ball python (D:1)
  5 bats
  2 frilled lizards
  14 goblins
  4 kobolds
  5 rats
81 creatures vanquished.

Notes
Turn   | Place    | Note
-------+----------+-------------------------------------------
     0 | D:1      | wirefist the Deep Elf Fire Elementalist began the quest for
                  | the Orb.
     0 | D:1      | Reached XP level 1. HP: 10/10 MP: 6/6
   421 | D:1      | Reached XP level 2. HP: 15/15 MP: 0/8
  1175 | D:2      | Reached XP level 3. HP: 19/19 MP: 7/10
  1198 | D:2      | Found a hazy altar of Hepliaklqana.
  1313 | D:2      | Found a radiant altar of Vehumet.
  1332 | D:2      | Became a worshipper of Vehumet
  1667 | D:3      | Reached XP level 4. HP: 19/24 MP: 7/11
  1675 | D:2      | Noticed Jessica
  1705 | D:2      | Killed Jessica
  2050 | D:3      | Reached skill level 1 in Fighting
  2050 | D:3      | Reached XP level 5. HP: 23/29 MP: 8/13
  2407 | D:3      | Learned a level 4 spell: Sticky Flame
  2933 | D:4      | Noticed Dowan
  2934 | D:4      | Noticed Duvessa
  3221 | D:4      | Found a hide-covered altar of Uskayaw.
  3332 | D:3      | Reached * piety under Vehumet
  3332 | D:3      | Offered knowledge of Freeze by Vehumet.
  3588 | D:4      | Noticed Robin
  4288 | D:4      | Reached XP level 6. HP: 34/34 MP: 8/15
  4301 | D:4      | Learned a level 5 spell: Fireball
  4327 | D:4      | Killed Robin
  4506 | D:4      | Killed from afar by Dowan

Levels and vault maps discovered:
D:1:      psy_arrival_statuary, layout_loops_ring, st_stairs_13
D:2:      layout_basic, vehumet_crystals, old_standard_altar, uniq_jessica
D:3:      layout_rooms
D:4:      layout_basic, lemuel_doored_altar, first_ration, uniq_duvessa,
          uniq_robin

Skill      XL: |  1  2  3  4 |
---------------+-------------+-----
Fire Magic     | 4 |  4.9
Dodging        | 3 |  3.8
Spellcasting   | 4 |  4.7
Conjurations   | 2 |  2.9
Fighting       | 1 |  1.6
Stealth        | |  2.6

Action                   |  1- 3 |  4- 6 || total
-------------------------+-------+-------++-------
Melee: Dagger            |       |    16 ||    16
 Cast: Flame Tongue      |    72 |    69 ||   141
       Sticky Flame      |       |     4 ||     4
 Stab: Sleeping          |       |     2 ||     2
  Eat: Chunk             |     2 |     9 ||    11
Armor: Robe              |     1 |    11 ||    12
Dodge: Dodged            |     9 |    51 ||    60

Table legend:
 A = Non-vault XP
 B = Vault XP
 C = Vault XP percentage of total XP
 D = Non-vault monster count
 E = Vault monster count
 F = Vault count percentage of total count
                 A         B        C        D         E       F
            +---------+---------+-------+---------+---------+-------
      Total |     368 |      75 |  16.9 |      68 |      13 |  16.0
            +---------+---------+-------+---------+---------+-------
        D:1 |      32 |       6 |  15.8 |      21 |       2 |   8.7
        D:2 |      67 |      37 |  35.6 |      16 |       1 |   5.9
        D:3 |     134 |       0 |   0.0 |      17 |       0 |   0.0
        D:4 |     135 |      32 |  19.2 |      14 |      10 |  41.7
            +---------+---------+-------+---------+---------+-------
